 Dungeon Crawl Stone Soup version 0.25.1-2-g60ff931df9 (webtiles) character file.

Game seed: 11398928995839936526

3211 KyoPewz the Carver (level 9, -4/72 HPs)
             Began as a Demonspawn Gladiator on Oct 23, 2020.
             Was a Follower of Qazlal.
             Slain by a two-headed ogre
             ... wielding a +0 giant club
              (27 damage)
             ... on level 8 of the Dungeon.
             The game lasted 00:23:48 (7325 turns).

KyoPewz the Carver (Demonspawn Gladiator)           Turns: 7325, Time: 00:23:48

Health: -4/72      AC: 11    Str: 18    XL:     9   Next: 65%
Magic:  18/18      EV: 23    Int: 10    God:    Qazlal [*.....]
Gold:   301        SH:  7    Dex: 14    Spells: 8/8 levels left

rFire    . . .     SeeInvis .   I - +1 long sword (drain)
rCold    . . .     Gourm    .   i - +0 buckler
rNeg     + . .     Faith    .   n - +0 chain mail
rPois    .         Spirit   .   (helmet restricted)
rElec    .         Reflect  .   w - +0 cloak
rCorr    .         Harm     .   (no gloves)
MR       .....                  (no boots)
Stlth    ..........             t - amulet of the acrobat
HPRegen  0.22/turn              k - ring of positive energy
MPRegen  0.16/turn              E - ring of magical power

@: acrobat
A: horns 1, thin metallic scales 1, powered by death 1, spiny 2
a: Renounce Religion


You were on level 8 of the Dungeon.
You worshipped Qazlal.
Qazlal was aware of your devotion.
You were hungry.

You visited 2 branches of the dungeon, and saw 9 of its levels.

You collected 301 gold pieces.

Inventory:

Hand Weapons
 a - a +1 long sword
 I - a +1 long sword of draining (weapon)
   (You found it on level 7 of the Dungeon)
Missiles
 c - 214 stones (quivered)
 d - 4 throwing nets {!f}
Armour
 b - a +0 leather armour
 i - a +0 buckler (worn)
   (You found it on level 1 of the Dungeon)
 n - a +0 chain mail (worn)
   (You found it on level 1 of the Dungeon)
 w - a +0 cloak (worn)
   (You found it on level 5 of the Dungeon)
 x - a +0 ring mail
   (You found it on level 3 of the Dungeon)
 C - a +0 kite shield
   (You found it on level 7 of the Dungeon)
Jewellery
 k - a ring of positive energy (left hand)
   (You found it on level 1 of the Dungeon)
 t - an amulet of the acrobat (around neck)
   (You found it on level 4 of the Dungeon)
 u - an uncursed ring of flight
   (You found it on level 5 of the Dungeon)
 E - a ring of magical power (right hand)
   (You found it on level 7 of the Dungeon)
Scrolls
 j - 7 scrolls of remove curse {@r2}
 m - a scroll of teleportation {unknown}
 s - a scroll of fog
 y - a scroll of vulnerability {unknown}
 z - 2 scrolls of blinking
 A - a scroll of amnesia {unknown}
 B - a scroll of identify {@r1}
 G - a scroll of immolation {unknown}
Potions
 f - 4 potions of lignification {!q}
 g - 3 potions of ambrosia {unknown}
 h - 3 potions of haste {@q3}
 l - 2 potions of brilliance
 o - a potion of flight {unknown}
 p - 2 potions of cancellation
 q - a potion of invisibility {unknown}
 r - 2 potions of heal wounds {unknown}
 v - 4 potions of curing {@q1}
 D - a potion of might
 F - 2 potions of mutation {!q}
Comestibles
 e - 8 rations {!d}


   Skills:
 + Level 7.6 Fighting
 * Level 9.9 Long Blades
 - Level 1.7 Throwing
 - Level 1.0 Armour
 - Level 3.0 Dodging
 - Level 4.0 Shields


You had 8 spell levels left.
You didn't know any spells.
Your spell library contained the following spells:

 Spells                   Type           Power        Failure   Level  Hunger
 Corona                   Hex            #......      99%         1    ##.....
 Sandblast                Erth           #.....       99%         1    ##.....
 Passwall                 Tmut/Erth      #.......     100%        2    ###....
 Slow                     Hex            #.......     100%        2    ###....
 Inner Flame              Hex/Fire       #.......     100%        3    ####...
 Portal Projectile        Hex/Tloc       #.....       100%        3    ####...
 Stone Arrow              Conj/Erth      #.....       100%        3    ####...
 Cause Fear               Hex            #.........   100%        4    #####..
 Leda's Liquefaction      Hex/Erth       #.........   100%        4    #####..
 Petrify                  Tmut/Erth      #.......     100%        4    #####..
 Aura of Abjuration       Summ           #.........   100%        5    ######.
 Lee's Rapid Deconstruct  Erth           #.........   100%        5    ######.
 Statue Form              Tmut/Erth      #........    100%        6    #######


Dungeon Overview and Level Annotations

Branches:
Dungeon (8/15)             Temple (1/1) D:5
   Lair: D:8-11

Altars:
Ashenzari
Cheibriados
Dithmenos
Fedhas
Hepliaklqana
Kikubaaqudgha
Makhleb
Nemelex Xobeh
Okawaru
Qazlal
Ru
Trog
Uskayaw
Vehumet
Wu Jian
Xom
Yredelemnul
The Shining One

Shops:
D:6 =

Annotations:
D:7 1 runed translucent door, Crazy Yiuf


Innate Abilities, Weirdness & Mutations

You have a pair of small horns on your head.
You are partially covered in thin metallic scales. (AC +2)
You regenerate a little health from kills.
You are mostly covered in sharp spines.


Message History

A two-headed ogre comes into view. It is wielding two +0 giant clubs.
The two-headed ogre shouts in stereo!
You slash the two-headed ogre!
The two-headed ogre is struck by your spines.
The two-headed ogre completely misses you.
The two-headed ogre hits you with a +0 giant club!
You barely miss the two-headed ogre.
Here: a two-headed ogre, wielding two +0 giant clubs (moderately wounded)
The floor.
You hit the two-headed ogre.
The two-headed ogre hits you with a +0 giant club!
The two-headed ogre barely misses you.
The two-headed ogre is struck by your spines.
The two-headed ogre misses you.
You riposte.
Your chain mail prevents you from hitting the two-headed ogre.
You block the two-headed ogre's attack.
You aren't carrying any items that you can evoke.
There is a stone staircase leading up here.
You climb upwards.
Level annotation: 1 runed translucent door, Crazy Yiuf
There is a stone staircase leading down here.
You start resting.
You climb downwards.
The two-headed ogre hits you with a +0 giant club! x2
There is a stone staircase leading up, spattered with blood here.
The two-headed ogre completely misses you.
You riposte.
You hit the two-headed ogre. You headbutt the two-headed ogre.
You block the two-headed ogre's attack.
The two-headed ogre is struck by your spines.
The two-headed ogre closely misses you.
The two-headed ogre hits you but does no damage.
You are feeling hungry.
There is a stone staircase leading up, spattered with blood here.
The two-headed ogre is engulfed in freezing vapours.
The two-headed ogre barely misses you. The two-headed ogre closely misses you.
You block the two-headed ogre's attack.
The two-headed ogre hits you with a +0 giant club.
There is a stone staircase leading up, spattered with blood here.
The two-headed ogre completely misses you.
You riposte.
You hit the two-headed ogre. You headbutt the two-headed ogre.
The two-headed ogre hits you with a +0 giant club.
The two-headed ogre is struck by your spines.
The two-headed ogre closely misses you. The two-headed ogre barely misses you.
You hit the two-headed ogre.
The two-headed ogre hits you with a +0 giant club!! x2
* * * LOW HITPOINT WARNING * * *
You see here a halberd.
The two-headed ogre is struck by your spines.
The two-headed ogre hits you with a +0 giant club!!
You die...

#...# #.#
#.#'####.#
#........#
#......####
#.........#
##....)##.#
#.....##.#
#.....##.####
#.....##.O@.#
#.....#####.#
#<....# #.#
#.##### #.#
#.#########.#
#...........#
#############


You could see a two-headed ogre.

Vanquished Creatures
  A centaur skeleton (D:7)
  Grinder (D:3)
  A vampire mosquito (D:7)
  2 ice beasts
  2 eyes of draining (D:6)
  An ogre (D:7)
  A hornet zombie (D:7)
  2 phantoms
  2 centaurs
  4 bullfrogs
  2 water moccasin skeletons
  6 killer bees
  A howler monkey (D:5)
  A crimson imp (D:7)
  2 centaur zombies
  2 orc priests (D:3)
  3 hounds
  Ijyb (D:3)
  3 iguanas
  An orc wizard (D:7)
  2 worker ants
  A killer bee zombie (D:7)
  Robin (D:3)
  8 gnolls
  13 adders
  A howler monkey skeleton (D:7)
  3 shadow imps
  An ooze (D:2)
  2 worms
  3 dart slugs
  3 leopard geckos
  8 orcs
  3 ball pythons
  5 bats
  10 giant cockroaches
  15 goblins
  5 hobgoblins
  4 jackals (D:4)
  5 quokkas
  2 frilled lizards
  5 kobolds
  2 leopard gecko skeletons
  A quokka skeleton (D:6)
  A quokka zombie (D:6)
  7 rats
150 creatures vanquished.

Notes
Turn   | Place    | Note
-------+----------+-------------------------------------------
     0 | D:1      | KyoPewz the Demonspawn Gladiator began the quest for the
                  | Orb.
     0 | D:1      | Reached XP level 1. HP: 16/16 MP: 1/1
   679 | D:2      | Gained mutation: You are partially covered in sharp spines.
                  | [demonic ancestry]
   679 | D:2      | Reached XP level 2. HP: 20/22 MP: 2/2
   755 | D:2      | Reached skill level 3 in Long Blades
   854 | D:2      | Found a glowing golden altar of the Shining One.
   856 | D:2      | Noticed an angel
   943 | D:2      | Reached XP level 3. HP: 27/27 MP: 3/3
   967 | D:2      | Reached skill level 1 in Armour
   974 | D:2      | Reached skill level 1 in Shields
   974 | D:2      | Gained mutation: You are partially covered in thin metallic
                  | scales. (AC +2) [demonic ancestry]
   974 | D:2      | Reached XP level 4. HP: 26/34 MP: 4/4
  1386 | D:2      | Found a basalt altar of Yredelemnul.
  1388 | D:2      | Noticed a profane servitor
  1820 | D:3      | Reached skill level 4 in Long Blades
  1820 | D:3      | Reached XP level 5. HP: 39/40 MP: 5/5
  1979 | D:3      | Noticed Ijyb
  2031 | D:3      | Killed Ijyb
  2373 | D:3      | Gained mutation: You have a pair of small horns on your
                  | head. [demonic ancestry]
  2373 | D:3      | Reached XP level 6. HP: 47/47 MP: 6/6
  2581 | D:3      | Noticed Robin
  2592 | D:3      | Killed Robin
  2673 | D:3      | Noticed Grinder
  2688 | D:3      | Paralysed by Grinder for 7 turns
  2697 | D:3      | Killed Grinder
  2697 | D:3      | Reached skill level 5 in Long Blades
  3000 | D:3      | Gained mutation: You regenerate a little health from kills.
                  | [demonic ancestry]
  3000 | D:3      | Reached XP level 7. HP: 53/53 MP: 7/7
  4169 | D:5      | Entered Level 5 of the Dungeon
  4175 | D:5      | Reached skill level 6 in Long Blades
  4337 | D:5      | Found a staircase to the Ecumenical Temple.
  5060 | Temple   | Entered the Ecumenical Temple
  5170 | Temple   | Became a worshipper of Qazlal Stormbringer
  5281 | D:6      | Gained mutation: You are mostly covered in sharp spines.
                  | [demonic ancestry]
  5281 | D:6      | Reached XP level 8. HP: 59/61 MP: 8/8
  5386 | D:6      | Reached skill level 5 in Fighting
  5436 | D:6      | Found a bloodstained altar of Trog.
  5455 | D:6      | Reached skill level 7 in Long Blades
  5631 | D:6      | Found Cigoerir's Jewellery Emporium.
  5882 | D:7      | Reached * piety under Qazlal
  5886 | D:7      | Reached skill level 8 in Long Blades
  5886 | D:7      | Reached XP level 9. HP: 44/71 MP: 9/9
  6115 | D:7      | Reached skill level 9 in Long Blades
  6760 | D:7      | Found a runed translucent door.
  6761 | D:7      | Noticed Crazy Yiuf
  7002 | D:7      | Identified the Incunabulum of Creative Transmigration
  7139 | D:8      | Noticed a two-headed ogre
  7325 | D:8      | Slain by a two-headed ogre

Illustrated notes

Levels and vault maps discovered:
D:1:      wander_arrival_abandoned_jail, layout_loops_ring, bh_walls_and_bars
D:2:      layout_basic, grunt_temple_overflow_holy_war, minmay_fractal_squares_5
D:3:      layout_basic, first_ration, uniq_ijyb, uniq_robin, uniq_grinder
D:4:      layout_basic
D:5:      layout_loops_ring, minmay_temple_entry_gardened_gates
D:6:      layout_cave_pools, serial_shops, shop_fountains, trog_eyes_of_draining
D:7:      minmay_clustersquares, layout_rooms, uniq_crazy_yiuf_cottage
D:8:      layout_basic, chequers_temple_overflow_statue_of_worship,
          serial_shops, kennysheep_mini, nicolae_shop_waterfront,
          nicolae_shop_behind_doors, kennysheep_mini_moat, shop_statue,
          uniq_prince_ribbit1
Temple:   compressed_dpeg_circular_temple

Skill      XL: |  1  2  3  4  5  6  7  8  9 |
---------------+----------------------------+-----
Long Blades    | 3 4 5 6 8 9 |  9.9
Armour         | 1 |  1.0
Dodging        | 3 |  3.0
Shields        | 1 2 3 4 |  4.0
Fighting       | 3 4 6 7 |  7.6
Throwing       | |  1.7

Action                   |  1- 3 |  4- 6 |  7- 9 || total
-------------------------+-------+-------+-------++-------
Melee: Long sword        |    48 |   149 |   224 ||   421
       Headbutt          |       |    15 |    71 ||    86
Throw: Stone             |       |     2 |       ||     2
  Use: Scroll            |       |       |    13 ||    13
 Stab: Distracted        |       |     1 |       ||     1
  Eat: Chunk             |       |     6 |    14 ||    20
Armor: Leather armour    |    16 |     3 |       ||    19
       Chain mail        |       |    55 |    84 ||   139
Dodge: Dodged            |    43 |    57 |    77 ||   177
Block: Buckler           |     6 |    28 |    69 ||   103
       Rpst.: Long sword |    13 |    19 |    26 ||    58
